 Dungeon Crawl Stone Soup version 0.30-a0-916-g9813417 (webtiles) character file.

Game seed: 7747289527744148467

37 Think the Conjurer (level 3, -1/21 HPs)
             Began as an Octopode Conjurer on Mar 26, 2023.
             Slain by a kobold
             ... wielding a +2 dagger of speed
              (5 damage)
             ... on level 1 of the Dungeon.
             The game lasted 00:03:23 (1174 turns).

Think the Conjurer (Octopode Conjurer)              Turns: 1174, Time: 00:03:23

Health: -1/21      AC:  1    Str:  6    XL:     3   Next: 41%
Magic:  6/6        EV: 13    Int: 22    God:
Gold:   117        SH:  0    Dex: 10    Spells: 3/6 levels left

rFire   + . .      SeeInvis .    (no weapon)
rCold   + . .      Faith    .    (no shield)
rNeg    . . .      Spirit   .    (helmet restricted)
rPois   +          Reflect  .    (no amulet)
rElec   +          Rampage  .    (no ring)
rCorr   +                        (no ring)
Will    .....                    (no ring)
Stlth   +++                      (no ring)
HPRegen 0.23/turn                (no ring)
MPRegen 0.10/turn                (no ring)
                                 (no ring)
                                 (no ring)

@: resistant
A: almost no armour, amphibious, 8 rings, camouflage 1, gelatinous body 1,
(nimble swimmer 1), tentacles
a: no special abilities


You were on level 1 of the Dungeon.
You visited 1 branch of the dungeon, and saw 2 of its levels.

You collected 117 gold pieces.

Inventory:

Missiles
 b - 2 javelins
Scrolls
 c - a scroll of amnesia {unknown}
 d - a scroll of poison {unknown}
 g - a scroll of vulnerability {unknown}
Potions
 a - a potion of magic
 e - a potion of haste {unknown}
 f - a potion of curing {unknown}
 h - a potion of might
 i - a potion of brilliance
 j - a potion of attraction


   Skills:
 + Level 3.7 Dodging
 - Level 2.6 Stealth
 - Level 2.0 Spellcasting
 - Level 4.0 Conjurations


You had 3 spell levels left.
You knew the following spells:

 Your Spells              Type           Power      Damage    Failure   Level
a - Magic Dart            Conj           76%        1d6       2%          1
b - Searing Ray           Conj           38%        2d5       4%          2

Your spell library contained the following spells:

 Spells                   Type           Power      Damage    Failure   Level
 Dazzling Flash           Conj/Hex       22%        N/A       19%         3
 Fulminant Prism          Conj/Hex       5%         3d7       52%         4
 Iskenderun's Mystic Bla  Conj/Tloc      11%        2d4       52%         4


Dungeon Overview and Level Annotations

Branches:
Dungeon (2/15)

Altars:


Innate Abilities, Weirdness & Mutations

You cannot wear most types of armour.
You are amphibious.
You can wear up to eight rings at the same time.
Your skin changes colour to match your surroundings (Stealth+).
Your rubbery body absorbs attacks. (AC +1, EV +1)
((You are camouflaged when in or above water. (Stealth+)))
You have tentacles for arms and can constrict up to eight enemies at once.


Message History

Okay, then.
You start waiting.
You feel less attractive to monsters.
You start waiting.
You feel a little less clever now.
You start waiting.
Done waiting.
Done exploring.
Done exploring.
Unknown command.
(D) Dungeon
Where to? (Enter - D:2, ? - help)
Things that are here:
a +0 dagger; a goblin skeleton
There is a stone staircase leading down here.
You climb downwards.
The kobold hits you with a +2 dagger of speed.
The rat completely misses you.
The kobold hits you with a +2 dagger of speed.
The rat closely misses you.
There is a stone staircase leading up here.
Unknown command.
You closely miss the kobold. You grab the kobold.
You constrict the kobold, but do no damage.
The kobold hits you with a +2 dagger of speed.
The kobold completely misses you. The rat closely misses you.
You tentacle-slap the kobold but do no damage.
Your squeeze misses the kobold. You constrict the kobold.
The kobold hits you with a +2 dagger of speed.
The rat bites you.
You release your grip on the kobold.
The kobold hits you with a +2 dagger of speed.
The kobold barely misses you. The rat bites you.
* * * LOW HITPOINT WARNING * * *
You climb upwards.
There is a stone staircase leading down here.
It was a potion of resistance.
You feel protected.
The kobold hits you with a +2 dagger of speed.
You die...

..#.....#!..#.#### #.###...#.##..
###.....#####.# #.# #.....#...
..............# #.# #.#.#....#
..............# #.# #........#
.....<........# #รท####.......#
..............######............#
...............##...............#
###.....#####..##r###.##..#....##
.$#.....#...#...@.).......#..###.
8.#.....#.8.####K###...#.........
..#.....#...####...#...###..#####
###.....######...#.#............[
####...........###.##.......#####
############# #.....###.......
#######.# ####.#.# #.......####
#.#.. #.#####....###.###


You could see a kobold and a rat.

Vanquished Creatures
  An adder (D:1)
  2 dart slugs (D:1)
  2 ball pythons (D:1)
  A giant cockroach (D:1)
  5 goblins (D:1)
  A hobgoblin (D:1)
  3 quokkas (D:1)
  A bat (D:1)
  A frilled lizard (D:1)
  4 kobolds (D:1)
  A rat (D:1)
22 creatures vanquished.

Notes
Turn   | Place    | Note
-------+----------+-------------------------------------------
     0 | D:1      | Think the Octopode Conjurer began the quest for the Orb.
     0 | D:1      | Reached XP level 1. HP: 11/11 MP: 3/3
   160 | D:1      | Reached XP level 2. HP: 11/17 MP: 5/5
   573 | D:1      | Reached XP level 3. HP: 21/21 MP: 3/6
   702 | D:1      | Learned a level 2 spell: Searing Ray
  1174 | D:1      | Slain by a kobold

Illustrated notes

Levels and vault maps discovered:
D:1:      minmay_arrival_glassed_features, layout_basic
D:2:      layout_rooms, hellmonk_ecumenical_altar_crossroads, serial_shops,
          shop, minmay_misc_feat_iff, minmay_misc_feat_more_columns,
          hangedman_decor_points, kennysheep_jessica_study, uniq_jessica

Skill      XL: |  1  2 |
---------------+-------+-----
Dodging        | 3 |  3.7
Stealth        | |  2.6
Spellcasting   | |  2.0
Conjurations   | |  4.0

Action                     || total
---------------------------++-------
  Melee: Unarmed           ||    12
         Tentacles         ||     3
         Constrict         ||     3
   Cast: Magic Dart        ||    32
         Searing Ray       ||     1
    Use: Potion            ||     4
   Stab: Sleeping          ||     1
 Armour: Skin              ||     1
  Dodge: Dodged            ||    16

Table legend: (Time is in decaauts)
 A = Elapsed time spent in this place.
 B = Non-inter-level travel time spent in this place.
 C = Inter-level travel time spent in this place.
 D = Time resting spent in this place.
 E = Time spent auto-exploring this place.
 F = Levels seen in this place.
 G = Mean time per level.
                   A        B        C        D        E       F      G
               +--------+--------+--------+--------+--------+-----+--------+
         Total |   1176 |   1149 |     27 |    370 |    650 |   2 |  588.0 |
       Dungeon |   1176 |   1149 |     27 |    370 |    650 |   2 |  588.0 |
               +--------+--------+--------+--------+--------+-----+--------+

Top non-repeatable levels by time:
     D:1: 1166 daAuts
     D:2: 9 daAuts
